 Dungeon Crawl Stone Soup version 0.19.5 (webtiles) character file.

529 equalderp2856 the Skirmisher (level 7, 0/54 HPs)
             Began as a Mummy Fighter on Mar 30, 2017.
             Slain by a gnoll
             ... wielding a +1 halberd of venom
              (8 damage)
             ... on level 5 of the Dungeon.
             The game lasted 00:10:05 (5902 turns).

equalderp2856 the Skirmisher (Mummy Fighter)        Turns: 5902, Time: 00:10:06

Health: 0/54       AC:  8    Str: 20    XL:     7   Next: 3%
Magic:  7/7        EV:  8    Int:  7    God:
Gold:   233        SH:  9    Dex: 13    Spells: 0 memorised, 6 levels left

rFire  x . .     SeeInvis .     a - +0 long sword
rCold  + . .     Gourm    .     b - +0 scale mail
rNeg   + + +     Faith    .     c - +0 shield
rPois  ∞         Spirit   .     (no helmet)
rElec  .         Reflect  .     (no cloak)
rCorr  .         Harm     .     A - +0 pair of gloves
MR     .....                    (no boots)
Stlth  ..........               (no amulet)
                                (no ring)
                                (no ring)

@: no status effects
A: no food or potions, fire vulnerability, cold resistance 1, negative energy
resistance 3, torment resistance, unbreathing
a: no special abilities


You were on level 5 of the Dungeon.
You were not hungry.

You visited 1 branch of the dungeon, and saw 5 of its levels.

You collected 233 gold pieces.

Inventory:

Hand Weapons
 a - a +0 long sword (weapon)
 u - a +0 morningstar
 v - a +0 short sword of venom
 x - a +2 dagger of venom
 y - a +0 war axe
Missiles
 r - 58 arrows
 s - 16 sling bullets
Armour
 b - a +0 scale mail (worn)
 c - a +0 shield (worn)
 t - a +0 robe
 w - a +0 scale mail
 z - a +0 pair of gloves
 A - a +0 pair of gloves (worn)
Jewellery
 l - a cursed -2 ring of strength {unknown}
 n - an uncursed ring of see invisible {unknown}
 o - an uncursed ring of flight {unknown}
Scrolls
 d - a scroll of remove curse {unknown}
 e - 2 scrolls of random uselessness {unknown}
 f - 2 scrolls of recharging {unknown}
 g - a scroll of teleportation {unknown}
 h - 5 scrolls of enchant weapon {unknown}
 i - a scroll of noise {unknown}
 j - 2 scrolls of enchant armour {unknown}
 k - 4 scrolls of identify {unknown}
 m - a scroll of fog {unknown}
 p - a scroll of fear {unknown}
 q - a scroll of immolation {unknown}
 B - a scroll of blinking {unknown}
 D - a scroll of silence {unknown}
Books
 C - a book of Air

   Spells                             Type                      Level
   a - Shock                          Conjuration/Air              1
   b - Swiftness                      Charms/Air                   2
   c - Repel Missiles                 Charms/Air                   2
   d - Static Discharge               Conjuration/Air              3
   e - Lightning Bolt                 Conjuration/Air              5


   Skills:
 + Level 4.1 Fighting
 + Level 3.8 Long Blades
 + Level 3.8 Armour
 + Level 1.5 Dodging
 + Level 0.3 Stealth
 + Level 3.5 Shields


You had 6 spell levels left.
You didn't know any spells.

Dungeon Overview and Level Annotations

Branches:
Dungeon (5/15)
 Temple: D:4-7

Altars:
Makhleb
Okawaru
Ru
Uskayaw
Yredelemnul

Annotations:
D:3 Edmund


Innate Abilities, Weirdness & Mutations

You do not eat or drink.
Your flesh is vulnerable to fire.
You are immune to poison.
Your flesh is cold resistant. (rC+)
You are immune to negative energy. (rN+++)
You are immune to unholy pain and torment.
You can survive without breathing.


Message History

You are too injured to fight recklessly!
You are too injured to fight recklessly!
You are too injured to fight recklessly!
You are too injured to fight recklessly!
You are too injured to fight recklessly!
You are too injured to fight recklessly!
You are too injured to fight recklessly!
You are too injured to fight recklessly!
You are too injured to fight recklessly!
You are too injured to fight recklessly!
You are too injured to fight recklessly!
You are too injured to fight recklessly!
You are too injured to fight recklessly!
Unknown command.
The gnoll barely misses you.
The gnoll hits you from afar with a halberd of venom.
* * * LOW HITPOINT WARNING * * *
The phantom blinks!
The gnoll hits you but does no damage.
The gnoll hits you from afar with a halberd of venom!
You die...

##.# #.##...##.........#.#
##.# #.##...##.......###.#
...# #.##....#.......##..#
...# ##.##....#.......##..#
...######........#.......##..#
.......%..................)).#
....#####.......<...#....##..#
#...# #..##.##....#######..#
#...# #..##.##@...# #..# #
##### ###..##†##....#######..#
# .....##.#...g..........####
#.............###.........#
#.##.##)#.##........##..### #.
#.#.##........##..# #
.##.##.#.##W>..........#
...............#....##..###
.......................W.g.


You could see a phantom and a gnoll.

Vanquished Creatures
  A scorpion (D:4)
  2 hounds
  2 bullfrog skeletons (D:4)
  An orc priest (D:4)
  An orc wizard (D:4)
  2 worker ants (D:4)
  2 hound skeletons
  8 adders
  3 gnolls (D:5)
  4 oozes
  2 leopard geckos
  15 orcs
  2 ball pythons (D:3)
  8 bats
  6 giant cockroaches
  9 hobgoblins
  8 jackals
  7 kobolds
  4 quokkas
  4 frilled lizards
  12 goblins
  A leopard gecko skeleton (D:4)
  7 rats
111 creatures vanquished.

Notes
Turn   | Place    | Note
-------+----------+-------------------------------------------
     0 | D:1      | equalderp2856 the Mummy Fighter began the quest for the Orb.
     0 | D:1      | Reached XP level 1. HP: 18/18 MP: 1/1
   109 | D:1      | Reached XP level 2. HP: 21/24 MP: 2/2
   814 | D:2      | Reached XP level 3. HP: 29/29 MP: 3/3
  1182 | D:2      | Reached XP level 4. HP: 35/35 MP: 4/4
  1557 | D:2      | Found a sacrificial altar of Ru.
  2898 | D:3      | Reached skill level 1 in Dodging
  2899 | D:3      | Reached XP level 5. HP: 41/41 MP: 5/5
  3201 | D:4      | Reached XP level 6. HP: 9/48 MP: 6/6
  3591 | D:4      | Noticed Edmund
  4653 | D:4      | Found a basalt altar of Yredelemnul.
  4680 | D:4      | Reached skill level 4 in Fighting
  5244 | D:5      | Entered Level 5 of the Dungeon
  5548 | D:5      | Found a burning altar of Makhleb.
  5575 | D:5      | Found an iron altar of Okawaru.
  5670 | D:5      | Found a hide-covered altar of Uskayaw.
  5726 | D:5      | Reached XP level 7. HP: 36/54 MP: 7/7
  5902 | D:5      | Slain by a gnoll

Skill      XL: |  1  2  3  4  5  6 |
---------------+-------------------+-----
Long Blades    | 2 3 |  3.8
Shields        | 3 |  3.5
Armour         | 3 |  3.8
Dodging        | 1 |  1.5
Fighting       | 4 |  4.1
Stealth        | |  0.3

Action                   |  1- 3 |  4- 6 |  7- 9 || total
-------------------------+-------+-------+-------++-------
Melee: Long sword        |   130 |   290 |    32 ||   452
Armor: Scale mail        |    64 |   141 |    10 ||   215
Dodge: Dodged            |    34 |   110 |    14 ||   158
Block: Shield            |    65 |   157 |    23 ||   245
       Rpst.: Long sword |     9 |    38 |     5 ||    52
